 Dungeon Crawl Stone Soup version 0.22-a0-775-ga7d80019b5 (webtiles) character file.

20 PikkenKukken the Skirmisher (level 2, -2/26 HPs)
             Began as a Draconian Berserker on July 18, 2018.
             Was a Follower of Trog.
             Slain by Sigmund
             ... wielding a +0 scythe
              (9 damage)
             ... on level 2 of the Dungeon.
             The game lasted 00:01:47 (861 turns).

PikkenKukken the Skirmisher (Draconian Berserker)    Turns: 861, Time: 00:01:48

Health: -2/26      AC:  4    Str: 19    XL:     2   Next: 58%
Magic:  2/2        EV: 13    Int:  7    God:    Trog [*.....]
Gold:   95         SH:  0    Dex: 10    Spells: 1/1 levels left

rFire    . . .     SeeInvis .   a - +1 falchion
rCold    . . .     Gourm    .   (no shield)
rNeg     . . .     Faith    .   (armour unavailable)
rPois    .         Spirit   .   (helmet restricted)
rElec    .         Reflect  .   (no cloak)
rCorr    .         Harm     .   (no gloves)
MR       .....                  (no boots)
Stlth    +.........             (no amulet)
HPRegen  0.08/turn              (no ring)
MPRegen  0.08/turn              (no ring)

@: confused, berserk cooldown, slowed, very slow
A: unfitting armour, cold-blooded, AC +4
a: Berserk, Renounce Religion


You were on level 2 of the Dungeon.
You worshipped Trog.
Trog was aware of your devotion.
You were hungry.

You visited 1 branch of the dungeon, and saw 2 of its levels.

You collected 95 gold pieces.

Inventory:

Hand Weapons
 a - a +1 falchion (weapon)
Scrolls
 c - 5 scrolls of enchant weapon
 i - 2 scrolls of teleportation
Potions
 e - a potion of curing {unknown}
 f - a potion of ambrosia {unknown}
 g - a potion of mutation {unknown}
 h - a potion of invisibility {unknown}
Comestibles
 b - 2 rations


   Skills:
 + Level 3.6 Fighting
 + Level 3.2 Long Blades
 * Level 3.1 Dodging


You had one spell level left.
You didn't know any spells.
Your spell library was empty.

Dungeon Overview and Level Annotations

Branches:
Dungeon (2/15)

Altars:

Annotations:
D:2 Sigmund


Innate Abilities, Weirdness & Mutations

Your plain brown scales are hard. (AC +4)
You cannot fit into any form of body armour.
You are cold-blooded and may be slowed by cold attacks.


Message History

You are exhausted.
You feel yourself slow down.
You hear some strange, mumbled words.
You are confused.
You closely miss something. Something barely misses you.
Something completely misses you. Something hits you.
You hear some strange, mumbled words.
Something tries to affect you, but you resist.
You hear some strange, mumbled words.
You are more confused.
Something hits you!
* * * LOW HITPOINT WARNING * * *
There is a strange disturbance nearby!
There is a strange disturbance nearby!
There is a strange disturbance nearby!
There is a strange disturbance nearby!
Something hits you but does no damage.
You're too confused to move!
Something hits you!
You die...

#.. ...
#..######..###
#..........#..
#............
#..........#
####....(.....##.
........{........
####..........##.
#...@.<.......
#..........###
#........#....
....####.#.# ###
..### #.#.# ..
#.#.# . #.#.. #.#
#


There were no monsters in sight!

Vanquished Creatures
  A dart slug (D:1)
  2 leopard geckos (D:1)
  A goblin (D:1)
  2 hobgoblins (D:1)
  3 kobolds (D:1)
  3 bats (D:1)
  2 frilled lizards (D:1)
  2 rats (D:1)
16 creatures vanquished.

Notes
Turn   | Place    | Note
-------+----------+-------------------------------------------
     0 | D:1      | PikkenKukken the Draconian Berserker began the quest for the Orb.
     0 | D:1      | Reached XP level 1. HP: 19/19 MP: 1/1
   297 | D:1      | Reached XP level 2. HP: 26/26 MP: 2/2
   794 | D:2      | Noticed Sigmund
   861 | D:2      | Slain by Sigmund

Vault maps used:
D:1:      dpeg_arrival_rooms_a, serial_glass, glass_columns_b, glass_columns_a
D:2:      grunt_temple_overflow_cloverleaf, minmay_split_cup_large, uniq_sigmund

Skill      XL: |  1 |
---------------+----+-----
Dodging        | 3 |  3.1
Fighting       | |  3.6
Long Blades    | |  3.2

Action                   || total
-------------------------++-------
Melee: Falchion          ||    50
       Tailslap          ||    11
Invok: Berserk           ||     1
  Use: Scroll            ||     4
Armor: Skin              ||    15
Dodge: Dodged            ||    36
       Rpst.: Falchion   ||    12

Table legend:
 A = Spawn XP
 B = Non-spawn XP
 C = Spawn XP percentage of total XP
 D = Spawn monster count
 E = Non-spawn monster count
 F = Spawn count percentage of total count
 G = Total turns spent on level
                    A         B        C        D         E        F      G
               +---------+---------+-------+---------+---------+-------+---------
         Total |       0 |      29 |   0.0 |       0 |      16 |   0.0 |   861
               +---------+---------+-------+---------+---------+-------+---------
           D:1 |       0 |      29 |   0.0 |       0 |      16 |   0.0 |   837
               +---------+---------+-------+---------+---------+-------+---------
